Map: Cerulean Fall LE

Players

Mesrob - Winner!

  • Race: Terran Terran
  • League: Gold
  • Spawn Location: 7:00

Pandemic

  • Race: Terran Terran
  • League: Gold
  • Spawn Location: 1:00

VOD

Have the link to the VOD?

Description

Time

  • Played on: Jan. 15, 2019, 6:26 p.m.
  • Length: 14:25
Show
View Real Time Build Order
Export as new Build Order

Mesrob Terran - Winner!

Build Orders:  

Get SALT Encoding   

  12  0:00  SCV  
  13  0:12  SCV  
  14  0:17  Supply Depot  
  14  0:24  SCV  
  15  0:39  SCV  
  15  0:41  Barracks  
  16  0:49  Refinery  
  16  0:51  SCV  
  17  1:03  SCV  
  18  1:15  SCV  
  19  1:29  Orbital Command  
  19  1:39  Command Center  
  19  1:41  Marine  
  20  1:55  Bunker  
  20  2:03  SCV  
  21  2:15  SCV  
  21  2:16  Factory  
  22  2:25  Barracks Tech Lab, Supply Depot  
  21  2:49  Supply Depot  
  21  3:04  Orbital Command  
  20  3:15  Refinery  
  18  3:28  SCV  
  18  3:30  SCV  
  19  3:40  SCV  
  19  3:47  Siege Tank  
  21  3:49  Marine  
  21  3:54  SCV  
  23  3:55  SCV  
  22  4:06  SCV  
  22  4:07  SCV  
  22  4:18  SCV  
  22  4:27  SCV  
  23  4:34  SCV  
  23  4:39  SCV  
  23  4:40  Siege Tank  
  26  4:51  SCV x2  
  28  4:55  Refinery  
  28  5:03  SCV x2  
  30  5:13  Siege Tank  
  33  5:15  SCV x2  
  33  5:19  Command Center  
  35  5:22  Engineering Bay  
  35  5:23  Marine  
  35  5:27  Supply Depot, SCV x2  
  38  5:40  SCV x2  
  40  5:48  Siege Tank  
  43  5:52  SCV x2  
  45  6:04  SCV x2  
  47  6:05  Missile Turret  
  47  6:16  SCV x2  
  46  6:26  Missile Turret  
  46  6:28  SCV x2  
  46  6:35  Armory  
  39  6:48  Marine, Missile Turret  
  39  6:52  Missile Turret  
  33  7:06  Marine  
  30  7:15  SCV  
  30  7:23  Marine, Siege Tank  
  30  7:27  SCV  
  35  7:39  SCV  
  33  7:58  Missile Turret  
  33  8:13  Siege Tank  
  36  8:23  Planetary Fortress  
  36  8:34  Missile Turret, SCV x2  
  38  8:46  SCV x2  
  43  8:49  Thor  
  43  8:52  Factory  
  43  8:54  Missile Turret  
  43  8:55  Terran Vehicle Weapons Level 1  
  46  8:58  SCV x2  
  46  9:02  Factory  
  48  9:10  SCV x2  
  50  9:17  Refinery  
  50  9:21  Refinery  
  50  9:22  SCV  
  51  9:32  Missile Turret  
  51  9:36  Factory Tech Lab  
  51  9:37  Factory  
  51  9:45  Thor  
  51  9:46  Factory Reactor  
  51  9:48  Factory  
  57  9:58  Supply Depot  
  57  10:06  Refinery  
  57  10:08  SCV  
  57  10:13  SCV  
  59  10:20  Supply Depot, SCV  
  60  10:22  Factory  
  60  10:25  SCV  
  60  10:32  SCV  
  60  10:33  Factory  
  61  10:37  SCV  
  62  10:44  Supply Depot, SCV  
  63  10:56  SCV  
  64  11:02  Hellbat x2  
  64  11:03  Factory Reactor  
  64  11:04  Thor x2  
  74  11:06  Supply Depot  
  68  11:43  Missile Turret  
  68  11:46  Missile Turret  
  68  11:48  Factory Reactor  
  68  11:49  Thor  
  68  11:51  Hellbat  
  68  11:53  Factory Tech Lab  
  76  11:56  Factory Tech Lab  
  76  11:58  Thor  
  76  12:00  Hellbat x3  
  88  12:12  Hellbat  
  88  12:13  Refinery  
  90  12:21  Hellbat  
  90  12:22  Sensor Tower  
  86  12:32  Thor  
  49  13:07  Thor  
  49  13:08  Hellbat  
  49  13:10  Thor  
  49  13:11  Hellbat x4  
  70  13:32  Marine  
  54  13:49  Hellbat x4  
  54  13:53  Hellbat x2  
Show
View Real Time Build Order
Export as new Build Order

Pandemic Terran 

Build Orders: Reaper Expand 

Get SALT Encoding   

  12  0:02  SCV  
  13  0:14  SCV  
  14  0:18  Supply Depot  
  14  0:26  SCV  
  15  0:39  SCV  
  15  0:41  Barracks  
  16  0:46  Refinery  
  16  0:51  SCV  
  17  1:03  SCV  
  18  1:15  SCV  
  19  1:28  Orbital Command  
  19  1:30  Reaper  
  20  1:45  Command Center  
  20  1:54  SCV  
  21  2:04  Marine  
  21  2:06  SCV  
  23  2:09  Factory  
  23  2:22  Supply Depot  
  23  2:25  Barracks Reactor  
  23  2:26  Barracks  
  23  2:44  SCV  
  24  2:54  Command Center  
  24  2:56  SCV  
  25  2:59  Orbital Command  
  25  3:10  SCV  
  26  3:22  SCV  
  27  3:34  SCV  
  28  3:45  SCV  
  28  3:46  Marine x3, SCV  
  28  3:47  Factory Tech Lab  
  33  3:49  Starport  
  33  3:51  Refinery  
  33  3:57  SCV  
  33  3:58  SCV  
  35  4:04  Marine  
  36  4:25  SCV  
  36  4:26  Orbital Command, SCV  
  36  4:27  Marine x2  
  36  4:29  Starport Tech Lab  
  40  4:31  Starport  
  40  4:38  SCV x2  
  42  4:50  SCV x2  
  43  4:53  Banshee  
  43  4:54  Cloaking Field  
  43  4:57  SCV  
  47  5:01  Refinery  
  47  5:02  Refinery, SCV x2  
  47  5:04  Marine x2  
  52  5:09  SCV  
  52  5:10  Starport Reactor  
  52  5:12  Barracks Tech Lab  
  52  5:14  SCV x2, Barracks  
  53  5:20  Bunker  
  54  5:21  Marine, SCV  
  54  5:24  Supply Depot  
  54  5:26  SCV x2  
  58  5:31  Marine  
  58  5:32  Marauder  
  61  5:38  Supply Depot  
  61  5:46  Marine, Banshee, SCV x3  
  61  5:47  Supply Depot  
  61  5:49  Marine  
  69  5:52  Stimpack  
  69  6:00  Marauder, SCV x2  
  69  6:01  Supply Depot, Armory  
  69  6:03  Marine  
  74  6:06  Orbital Command  
  74  6:07  Marine  
  74  6:10  Supply Depot  
  75  6:11  Marine  
  75  6:12  SCV x2  
  75  6:14  Refinery  
  78  6:22  Marauder  
  80  6:26  Refinery  
  80  6:43  Marauder  
  80  6:46  Medivac x2  
  86  6:47  Raven  
  85  7:23  Marine x2  
  85  7:24  Marauder  
  85  7:25  Starport  
  85  7:26  Starport  
  85  7:29  Terran Vehicle And Ship Armor Level 1  
  89  7:31  Supply Depot  
  89  7:32  Liberator  
  89  7:33  Supply Depot  
  89  7:34  Supply Depot  
  89  7:36  Supply Depot  
  89  7:41  Marine x2  
  91  7:45  Marauder  
  91  7:49  Medivac, Barracks  
  91  7:51  Barracks  
  98  7:52  Factory  
  95  7:59  Marine x2  
  95  8:02  Combat Shield  
  95  8:04  Starport Tech Lab  
  95  8:05  Starport Tech Lab  
  97  8:06  Marauder  
  96  8:15  SCV x3  
  96  8:16  Marine  
  96  8:17  Marine  
  96  8:19  Marine, Viking, Siege Tank  
  107  8:27  SCV x2  
  107  8:28  Marauder, Supply Depot  
  107  8:29  Supply Depot  
  111  8:34  Marine  
  111  8:38  Barracks  
  111  8:39  SCV  
  111  8:41  Barracks  
  113  8:49  Marauder, Command Center  
  113  8:50  Barracks Tech Lab x2, Barracks Reactor  
  113  8:51  SCV  
  113  8:52  Supply Depot  
  116  8:56  Ghost Academy  
  116  8:59  Engineering Bay  
  116  9:03  SCV  
  117  9:10  Marauder  
  117  9:15  SCV  
  120  9:21  Concussive Shells  
  113  9:28  Fusion Core, Terran Vehicle And Ship Armor Level 2  
  113  9:34  Siege Tank  
  113  9:37  Medivac, Factory Tech Lab, Viking  
  120  9:38  Marine  
  120  9:39  Marine, Terran Infantry Armor Level 1  
  122  9:51  Starport Tech Lab, Command Center  
  122  9:53  Command Center  
  122  10:07  Viking, Medivac  
  123  10:27  Raven x2  
  127  10:36  Command Center  
  127  10:37  Viking, Siege Tank, Medivac  
  121  11:07  Viking  
  122  11:12  Siege Tank  
  122  11:13  Siege Tank  
  122  11:14  Marine x2  
  122  11:15  Marine, Marauder x3  
  132  11:36  Marauder  
  129  11:42  Marine x2  
  129  11:43  Marauder x2, Marine x2  
  129  11:44  Raven x2  
  129  11:46  Medivac x2  
  145  11:52  Raven  
  147  11:55  Planetary Fortress  
  147  11:57  Marauder  
  147  12:00  Marine  
  150  12:04  Marauder x2  
  150  12:08  Planetary Fortress  
  154  12:10  Command Center  
  154  12:14  Command Center  
  154  12:19  Marauder  
  156  12:23  Refinery  
  156  12:25  Marauder  
  156  12:26  Marauder  
  156  12:27  Raven  
  156  12:28  Refinery  
  141  13:03  Marine  
  141  13:04  Marine, Marauder x2  
  139  13:15  Raven x2  
  143  13:21  Marine x2  
  143  13:22  SCV  
  143  13:23  SCV x2  
  143  13:25  Marauder x2  
  145  13:34  SCV  
  145  13:35  SCV x2  
  145  13:39  Marine x2  
  148  13:47  Marauder x2  
  152  13:57  Marine x2  
Tags
 
League
GoldGold
Matchup
TvT
Race
Terran
Replay Pack
sc2 replays
Spawn Locations
Cross Positions
Add a new tag
Caveats
  • Supply blocks, unpowered buildings, or Contaminate may cause inaccurate times.
  • Supply counts are checked every 10 seconds.